 Dungeon Crawl Stone Soup version 0.28-a0-1629-gf728b707aa (webtiles) character file.

Game seed: 17810886752495276476

79 Jepp2078 the Firebug (level 4, -1/32 HPs)
             Began as a Gnoll Fire Elementalist on Jan 24, 2022.
             Slain by a gnoll (10 damage)
             ... on level 1 of the Dungeon.
             The game lasted 00:04:36 (2297 turns).

Jepp2078 the Firebug (Gnoll Fire Elementalist)      Turns: 2297, Time: 00:04:37

Health: -1/32      AC:  2    Str:  7    XL:     4   Next: 37%
Magic:  10/11      EV: 13    Int: 16    God:
Gold:   24         SH:  0    Dex: 13    Spells: 12/13 levels left

rFire   . . .      SeeInvis .   e - staff of cold
rCold   + . .      Faith    .   (no shield)
rNeg    . . .      Spirit   .   a - +0 robe
rPois   .          Reflect  .   (no helmet)
rElec   .          Harm     .   (no cloak)
rCorr   .          Rampage  .   (no gloves)
Will    .....                   (no boots)
Stlth   +++.......              (no amulet)
HPRegen 0.10/turn               (no ring)
MPRegen 0.12/turn               (no ring)

@: no status effects
A: fangs 1, strong nose, distributed training
a: no special abilities


You were on level 1 of the Dungeon.
You visited 1 branch of the dungeon, and saw 2 of its levels.

You collected 24 gold pieces.

Inventory:

Hand Weapons
 d - a +1 dagger of venom
Armour
 a - a +0 robe (worn)
Magical Staves
 e - a staff of cold (weapon)
Scrolls
 b - a scroll of teleportation {unknown}
 c - a scroll of immolation {unknown}
 f - 3 scrolls of identify {unknown}
 h - a scroll of fog {unknown}
Potions
 g - a potion of invisibility {unknown}


   Skills:
 + Level 1.1 Fighting
 + Level 1.1 Short Blades
 + Level 1.1 Long Blades
 + Level 1.1 Axes
 + Level 1.1 Maces & Flails
 + Level 1.1 Polearms
 + Level 1.1 Staves
 + Level 1.1 Slings
 + Level 1.1 Bows
 + Level 1.1 Crossbows
 + Level 1.1 Throwing
 + Level 1.1 Armour
 + Level 4.6 Dodging
 + Level 4.2 Stealth
 + Level 1.1 Shields
 + Level 1.1 Unarmed Combat
 + Level 5.0 Spellcasting
 + Level 2.2 Conjurations
 + Level 0.8 Hexes
 + Level 0.8 Summonings
 + Level 0.8 Necromancy
 + Level 0.8 Translocations
 + Level 0.8 Transmutations
 + Level 5.4 Fire Magic
 + Level 0.8 Ice Magic
 + Level 0.8 Air Magic
 + Level 0.8 Earth Magic
 + Level 0.8 Poison Magic
 + Level 1.2 Invocations
 + Level 1.1 Evocations


You had 12 spell levels left.
You knew the following spells:

 Your Spells              Type           Power      Damage    Failure   Level
a - Foxfire               Conj/Fire      64%        2x1d7     3%          1

Your spell library contained the following spells:

 Spells                   Type           Power      Damage    Failure   Level
 Scorch                   Fire           42%        2d7       2%          2
 Conjure Flame            Conj/Fire      16%        6-21      10%         3
 Inner Flame              Hex/Fire       14%        N/A       12%         3
 Flame Wave               Conj/Fire      16%        2d6       30%         4


Dungeon Overview and Level Annotations

Branches:
Dungeon (2/15)

Altars:


Innate Abilities, Weirdness & Mutations

You have very sharp teeth.
Your uncanny sense of smell can sniff out nearby items.
Your experience applies equally to all skills.


Message History

The gnoll is lightly wounded.
The foxfire hits the gnoll.
The gnoll is moderately wounded.
The gnoll hits you with a +0 flail!
* * * LOW HITPOINT WARNING * * *
The gnoll closely misses you.
Casting: Foxfire (safe; 3% risk of failure)
Confirm with . or Enter, or press ? or * to list all spells.
You don't know that spell.
Unknown command.
The foxfire hits the gnoll.
The gnoll is lightly wounded.
The gnoll closely misses you. The gnoll hits you but does no damage.
The gnoll barely misses you.
There is a stone staircase leading up, spattered with blood here.
The gnoll hits you with a +0 flail!
* * * LOW HITPOINT WARNING * * *
You climb upwards.
There is a stone staircase leading down here.
There is an open door here.
You see here a +0 whip.
There is an open door here.
Casting: Foxfire (safe; 3% risk of failure)
Press: ? - help, Q - select action Dir - look around, f - activate You conjure some foxfire!
Your foxfire dissipates!
The foxfire hits the gnoll.
The gnoll is moderately wounded.
There is a large open door here.
There is a large open door here.
The gnoll barely misses you.
Casting: Foxfire (safe; 3% risk of failure)
Press: ? - help, Q - select action Dir - look around, f - activate You conjure some foxfire!
The foxfire hits the gnoll.
The gnoll is moderately wounded.
The foxfire hits the gnoll.
The gnoll is heavily wounded.
The gnoll hits you with a +0 flail!
You die...

#.##.......######.#...##...
#..'.....)..# #.#...##...
#[##.....#..# #.######...
#.##.....#..# #..# #...
#.##.....#..# ##.## #...
#.########..# #..# #... #.#
#..# ##.# #... #.# #g.# #.#
#... #.########@.##### #.##
#...
#...........#...###..###...
#.#........##...##....#####
#.#...[.....'...''........#
#.#.......###...##....###.#
#.#.......# ######.....##.#
#.#.......# #.....##.#
#.#.......# #.....##.#
#.#.......# #.....##.#


You could see a gnoll.

Vanquished Creatures
  3 gnolls
  2 adders (D:2)
  3 endoplasms
  A giant cockroach (D:2)
  A goblin (D:1)
  4 hobgoblins
  2 jackals (D:2)
  4 kobolds
  3 quokkas
  2 ball pythons (D:1)
  4 bats
  2 frilled lizards
  2 rats (D:2)
33 creatures vanquished.

Vanquished Creatures (others)
  115 foxfires
115 creatures vanquished.

Grand Total: 148 creatures vanquished

Notes
Turn   | Place    | Note
-------+----------+-------------------------------------------
     0 | D:1      | Jepp2078 the Gnoll Fire Elementalist began the quest for
                  | the Orb.
     0 | D:1      | Reached XP level 1. HP: 13/13 MP: 6/6
   289 | D:1      | Reached XP level 2. HP: 19/19 MP: 5/7
   957 | D:1      | Reached XP level 3. HP: 6/25 MP: 1/9
  1500 | D:2      | Reached skill level 5 in Spellcasting
  1585 | D:2      | Reached skill level 1 in Invocations
  1790 | D:2      | Reached skill level 1 in Fighting
  1790 | D:2      | Reached skill level 1 in Short Blades
  1790 | D:2      | Reached skill level 1 in Long Blades
  1790 | D:2      | Reached skill level 1 in Axes
  1790 | D:2      | Reached skill level 1 in Maces & Flails
  1790 | D:2      | Reached skill level 1 in Polearms
  1790 | D:2      | Reached skill level 1 in Staves
  1790 | D:2      | Reached skill level 1 in Slings
  1790 | D:2      | Reached skill level 1 in Bows
  1790 | D:2      | Reached skill level 1 in Crossbows
  1790 | D:2      | Reached skill level 1 in Throwing
  1790 | D:2      | Reached skill level 1 in Armour
  1790 | D:2      | Reached skill level 1 in Shields
  1790 | D:2      | Reached skill level 1 in Unarmed Combat
  1790 | D:2      | Reached skill level 1 in Evocations
  1886 | D:2      | Reached XP level 4. HP: 32/32 MP: 6/11
  2216 | D:2      | HP: 1/32 [gnoll (10)]
  2297 | D:1      | Slain by a gnoll

Illustrated notes

Levels and vault maps discovered:
D:1:      ncdulo_smallfort, layout_basic
D:2:      layout_rooms

Skill      XL: |  1  2  3 |
---------------+----------+-----
Conjurations   | 2 |  2.2
Spellcasting   | 5 |  5.0
Invocations    | 1 |  1.2
Fighting       | 1 |  1.1
Short Blades   | 1 |  1.1
Long Blades    | 1 |  1.1
Axes           | 1 |  1.1
Maces & Flails | 1 |  1.1
Polearms       | 1 |  1.1
Staves         | 1 |  1.1
Slings         | 1 |  1.1
Bows           | 1 |  1.1
Crossbows      | 1 |  1.1
Throwing       | 1 |  1.1
Armour         | 1 |  1.1
Shields        | 1 |  1.1
Unarmed Combat | 1 |  1.1
Evocations     | 1 |  1.1
Dodging        | |  4.6
Stealth        | |  4.2
Hexes          | |  0.8
Summonings     | |  0.8
Necromancy     | |  0.8
Translocations | |  0.8
Transmutations | |  0.8
Fire Magic     | |  5.4
Ice Magic      | |  0.8
Air Magic      | |  0.8
Earth Magic    | |  0.8
Poison Magic   | |  0.8

Action                   |  1- 3 |  4- 6 || total
-------------------------+-------+-------++-------
 Cast: Foxfire           |    55 |    18 ||    73
Armor: Robe              |     2 |     2 ||     4
Dodge: Dodged            |    14 |    15 ||    29

Table legend: (Time is in decaauts)
 A = Elapsed time spent in this place.
 B = Non-inter-level travel time spent in this place.
 C = Inter-level travel time spent in this place.
 D = Time resting spent in this place.
 E = Time spent auto-exploring this place.
 F = Levels seen in this place.
 G = Mean time per level.
                   A        B        C        D        E       F      G
               +--------+--------+--------+--------+--------+-----+--------+
         Total |   2298 |   2232 |     66 |      0 |   1881 |   2 | 1149.0 |
       Dungeon |   2298 |   2232 |     66 |      0 |   1881 |   2 | 1149.0 |
               +--------+--------+--------+--------+--------+-----+--------+

Top non-repeatable levels by time:
     D:1: 1748 daAuts
     D:2: 549 daAuts
